AoeStats
← Mangeur_de_couilles

Black Forest

510822338Analyzed
2v2 RM · 21h ago on Oct 2, 2026· 48m 13s· 4 players
Game mode
Random Map
Map size
Medium (4 player)
Population
200
Speed
Normal
Resources
Standard
Victory
Conquest
Starting age
Dark Age
Ending age
Imperial Age
RankedLock teamsTeams togetherTeam positionsShared explorationLock speedFull tech treeHidden civsTurbo modeCheats
Victory
Defeat
🇩🇪 Italians · Germany
786
+13
🇩🇪 Romans · Germany
741
+15
🇨🇦 Khmer · Canada
713
-14
🇫🇷 Franks · France
712
-14
Petrosilius_Zwackelmann
0:59 Loom
14:36 Feudal Age
14:57 Horse Collar
15:04 Double-Bit Axe
19:10 Castle Age
21:11 Bow Saw
22:32 Heavy Plow
26:02 Gold Mining
27:44 Stone Mining
29:33 Wheelbarrow
31:39 Imperial Age
28:36 Crossbowman
29:22 Thumb Ring
29:22 Padded Archer Armor
29:12 Fletching
29:22 Scale Mail Armor
28:46 Man-at-Arms
30:19 Stone Shaft Mining
30:31 Coinage
31:55 Ballistics
31:36 Bodkin Arrow
31:17 Long Swordsman
32:14 Arbalester
32:45 Two-Handed Swordsman
35:24 Chemistry
33:59 Champion
35:42 Hand Cart
35:15 Town Watch
37:53 Leather Archer Armor
37:39 Bracer
37:55 Chain Mail Armor
38:06 Elite Genoese Crossbowman
Axolotl
1:27 Loom
13:02 Feudal Age
13:24 Horse Collar
13:31 Double-Bit Axe
18:34 Man-at-Arms
22:03 Castle Age
22:10 Man-at-Arms
23:05 Squires
23:30 Bow Saw
23:52 Heavy Plow
23:45 Gold Mining
23:50 Stone Mining
25:16 Wheelbarrow
25:50 Scale Mail Armor
26:59 Long Swordsman
28:01 Chain Mail Armor
29:42 Forging
31:09 Gold Shaft Mining
32:03 Caravan
33:43 Iron Casting
35:03 Ballistas
37:49 Imperial Age
35:13 Pikeman
37:19 Hand Cart
38:38 Ballistics
39:30 Chemistry
38:17 Heavy Scorpion
38:53 Halberdier
40:00 Siege Engineers
43:44 Comitatenses
44:35 Legionary
celé
0:37 Loom
15:12 Feudal Age
21:46 Castle Age
25:09 Wheelbarrow
25:05 Double-Bit Axe
26:22 Bow Saw
29:42 Caravan
30:05 Gold Mining
35:55 Imperial Age
33:54 Fortified Wall
35:34 Husbandry
36:13 Town Watch
36:52 Elite Skirmisher
39:30 Ballistics
41:04 Cavalier
43:56 Crossbowman
Mangeur_de_couilles
0:30 Loom
13:06 Feudal Age
14:57 Horse Collar
20:40 Castle Age
20:07 Double-Bit Axe
21:12 Wheelbarrow
20:37 Stone Mining
22:26 Heavy Plow
23:12 Bow Saw
27:57 Caravan
28:46 Gold Mining
31:18 Gold Shaft Mining
31:20 Stone Shaft Mining
36:08 Imperial Age
34:13 Hand Cart
33:47 Town Watch
35:17 Scale Mail Armor
35:28 Forging
35:38 Scale Barding Armor
36:25 Chain Mail Armor
36:29 Town Patrol
36:49 Heavy Scorpion
36:52 Capped Ram
37:57 Fortified Wall
37:53 Siege Engineers
37:59 Masonry
38:09 Ballistics
37:46 Murder Holes
38:48 Double Crossbow
39:27 Husbandry
39:38 Bloodlines
38:48 Cavalier
38:49 Light Cavalry
40:45 Chemistry
42:56 Hussar
Connection lost

Rejoining the realm…

Still unreachable

The connection could not be restored.

Session expired

The server has moved on; the page needs a fresh start.